[ AOE2 MATCH · #475255363 ]
Team RMMapuche vs Burmese
[ REPLAY ANALYSIS · EXTRACTED FROM THE RECORDED GAME ]
Feudal
11:48
Castle
15:26
Imperial
—
| APM avg | 18.7 |
| APM peak | 61 |
| eAPM avg | 10.3 |
| Villagers / military | 62 / 7 |
Focus
⚔️ 11.6% · 🌾 88.4%
Monk ×5 · Bolas Rider ×2
Feudal
10:56
Castle
14:32
Imperial
—
| APM avg | 23.3 |
| APM peak | 56 |
| eAPM avg | 13.7 |
| Villagers / military | 100 / 0 |
Focus
⚔️ 7.5% · 🌾 92.5%
Feudal
11:21
Castle
15:19
Imperial
—
| APM avg | 30.7 |
| APM peak | 69 |
| eAPM avg | 16.7 |
| Villagers / military | 54 / 51 |
Focus
⚔️ 33.7% · 🌾 66.3%
Fire Lancer ×51
Feudal
10:38
Castle
14:28
Imperial
—
| APM avg | 18.8 |
| APM peak | 60 |
| eAPM avg | 14.2 |
| Villagers / military | 110 / 0 |
Focus
⚔️ 17.7% · 🌾 82.3%
Feudal
10:42
Castle
17:26
Imperial
—
| APM avg | 35.8 |
| APM peak | 61 |
| eAPM avg | 23.3 |
| Villagers / military | 49 / 19 |
Focus
⚔️ 38.3% · 🌾 61.7%
Battering Ram ×17 · Mangonel ×2
Feudal
8:51
Castle
—
Imperial
—
| APM avg | 30.1 |
| APM peak | 68 |
| eAPM avg | 16.3 |
| Villagers / military | 54 / 0 |
Focus
⚔️ 38.7% · 🌾 61.3%
Feudal
—
Castle
—
Imperial
—
| APM avg | 29.9 |
| APM peak | 67 |
| eAPM avg | 13.6 |
| Villagers / military | 49 / 11 |
Focus
⚔️ 26.2% · 🌾 73.8%
Conquistador ×7 · Monk ×2 · Petard ×2
Feudal
11:22
Castle
14:59
Imperial
—
| APM avg | 31.6 |
| APM peak | 66 |
| eAPM avg | 16.1 |
| Villagers / military | 90 / 5 |
Focus
⚔️ 7.8% · 🌾 92.2%
Monk ×3 · Mangonel ×2
Match map
Initial resources + every placement click. Lines = walls · curves = elevation contours. ◆ gold · ⬟ stone · ● berries · ✦ relic · ◌ wall gap
Inputs per minute
— SaGa™ - - CMD_El Primo
Build order — SaGa™
123 actions detected in the replay
| 0:00 | Create | Villager (Male) |
| 0:01 | Create | Villager (Male) |
| 0:01 | Create | Villager (Male) |
| 0:02 | Create | Villager (Male) |
| 0:03 | Build | House |
| 0:05 | Build | House |
| 1:24 | Create | Villager (Male) |
| 1:57 | Create | Villager (Male) |
| 2:29 | Create | Villager (Male) |
| 2:45 | Create | Villager (Male) |
| 2:59 | Build | House |
| 3:11 | Create | Villager (Male) |
| 3:47 | Create | Villager (Male) |
| 4:23 | Build | Settlement |
| 4:34 | Create | Villager (Male) |
| 4:43 | Create | Villager (Male) |
| 4:43 | Create | Villager (Male) |
| 5:26 | Create | Villager (Male) |
| 5:26 | Create | Villager (Male) |
| 5:56 | Build | Settlement |
| 6:01 | Create | Villager (Male) |
| 6:01 | Create | Villager (Male) |
| 6:51 | Create | Villager (Male) |
| 7:26 | Create | Villager (Male) |
| 7:53 | Create | Villager (Male) |
| 8:22 | Create | Villager (Male) |
| 8:23 | Create | Villager (Male) |
| 9:08 | Research | Loom |
| 9:09 | Research | Feudal Age |
| 10:25 | Build | Settlement |
| 11:25 | Create | Villager (Male) |
| 11:25 | Create | Villager (Male) |
| 11:48 | Age | Feudal Age |
| 11:50 | Create | Villager (Male) |
| 11:53 | Build | Market |
| 11:57 | Build | Blacksmith |
| 12:33 | Build | Outpost |
| 12:46 | Research | Castle Age |
| 13:17 | Build | Settlement |
| 13:44 | Build | Outpost |
| 14:27 | Build | Outpost |
| 15:15 | Research | Town Watch |
| 15:26 | Age | Castle Age |
| 15:31 | Create | Villager (Male) |
| 15:31 | Create | Villager (Male) |
| 15:38 | Build | Town Center |
| 15:57 | Build | Outpost |
| 16:26 | Create | Villager (Male) |
| 16:37 | Build | Town Center |
| 16:46 | Create | Villager (Male) |
| 16:52 | Create | Villager (Male) |
| 16:52 | Create | Villager (Male) |
| 17:01 | Build | Farm |
| 17:02 | Build | Farm |
| 17:05 | Build | Farm |
| 17:07 | Build | Farm |
| 17:11 | Create | Villager (Male) |
| 17:42 | Create | Villager (Male) |
| 17:43 | Create | Villager (Male) |
| 17:43 | Create | Villager (Male) |
| 17:48 | Create | Villager (Male) |
| 17:48 | Create | Villager (Male) |
| 17:54 | Build | Monastery |
| 18:01 | Create | Villager (Male) |
| 18:03 | Create | Villager (Male) |
| 18:07 | Build | Farm |
| 18:14 | Create | Monk |
| 18:14 | Create | Monk |
| 18:25 | Create | Villager (Male) |
| 18:27 | Create | Villager (Male) |
| 18:29 | Build | Farm |
| 18:49 | Build | Farm |
| 18:50 | Create | Villager (Male) |
| 19:07 | Build | House |
| 19:08 | Build | House |
| 19:09 | Build | House |
| 19:12 | Create | Villager (Male) |
| 19:19 | Build | Farm |
| 19:21 | Build | Farm |
| 19:38 | Create | Villager (Male) |
| 19:44 | Build | Farm |
| 19:45 | Build | Farm |
| 19:48 | Build | Farm |
| 19:54 | Create | Villager (Male) |
| 19:58 | Create | Villager (Male) |
| 20:11 | Build | Farm |
| 20:12 | Build | Farm |
| 20:17 | Build | Farm |
| 20:21 | Create | Villager (Male) |
| 20:33 | Create | Monk |
| 20:34 | Create | Monk |
| 21:01 | Create | Villager (Male) |
| 21:02 | Create | Villager (Male) |
| 21:04 | Create | Monk |
| 21:08 | Build | Barracks |
| 21:09 | Create | Villager (Male) |
| 21:10 | Create | Villager (Male) |
| 21:13 | Build | Farm |
| 21:25 | Build | House |
| 21:35 | Create | Villager (Male) |
| 21:35 | Create | Villager (Male) |
| 21:50 | Build | Archery Range |
| 21:53 | Research | Fletching |
| 21:54 | Create | Villager (Male) |
| 22:11 | Build | House |
| 22:11 | Build | House |
| 22:13 | Create | Villager (Male) |
| 22:17 | Build | Farm |
| 22:19 | Build | Farm |
| 22:21 | Create | Villager (Male) |
| 22:25 | Build | Farm |
| 22:33 | Create | Bolas Rider |
| 22:33 | Create | Bolas Rider |
| 22:42 | Build | Farm |
| 23:03 | Build | Archery Range |
| 23:07 | Create | Villager (Male) |
| 23:07 | Create | Villager (Male) |
| 23:08 | Create | Villager (Male) |
| 23:08 | Create | Villager (Male) |
| 23:28 | Research | Double-Bit Axe |
| 23:34 | Build | Archery Range |
| 23:36 | Create | Villager (Male) |
| 23:37 | Create | Villager (Male) |
Build order — CMD_El Primo
First 150 of 191 actions detected
| 0:00 | Create | Villager (Male) |
| 0:00 | Create | Villager (Male) |
| 0:01 | Create | Villager (Male) |
| 0:01 | Create | Villager (Male) |
| 0:03 | Build | House |
| 0:04 | Build | House |
| 1:31 | Create | Villager (Male) |
| 2:03 | Create | Villager (Male) |
| 2:24 | Create | Villager (Male) |
| 2:32 | Create | Villager (Male) |
| 2:46 | Build | Lumber Camp |
| 3:05 | Create | Villager (Male) |
| 3:20 | Create | Villager (Male) |
| 3:52 | Build | House |
| 3:53 | Build | House |
| 3:57 | Create | Villager (Male) |
| 4:20 | Create | Villager (Male) |
| 4:20 | Create | Villager (Male) |
| 5:09 | Create | Villager (Male) |
| 5:09 | Create | Villager (Male) |
| 5:25 | Create | Villager (Male) |
| 5:26 | Create | Villager (Male) |
| 5:32 | Build | Mill |
| 6:02 | Create | Villager (Male) |
| 6:12 | Create | Villager (Male) |
| 6:13 | Create | Villager (Male) |
| 6:19 | Build | Farm |
| 6:22 | Build | Farm |
| 6:28 | Create | Villager (Male) |
| 7:17 | Create | Villager (Male) |
| 7:29 | Build | Farm |
| 8:24 | Research | Feudal Age |
| 8:38 | Create | Villager (Male) |
| 8:39 | Create | Villager (Male) |
| 8:41 | Build | Mining Camp |
| 9:37 | Build | House |
| 10:56 | Age | Feudal Age |
| 11:03 | Build | Market |
| 11:06 | Build | Blacksmith |
| 11:35 | Research | Double-Bit Axe |
| 11:52 | Research | Castle Age |
| 12:23 | Research | Horse Collar |
| 14:20 | Create | Villager (Male) |
| 14:32 | Age | Castle Age |
| 14:36 | Build | Town Center |
| 14:42 | Build | Town Center |
| 14:53 | Create | Villager (Male) |
| 15:22 | Create | Villager (Male) |
| 15:30 | Build | Farm |
| 15:30 | Build | Farm |
| 15:30 | Build | Farm |
| 15:31 | Build | Farm |
| 15:31 | Build | Farm |
| 15:41 | Create | Villager (Male) |
| 15:46 | Build | House |
| 15:52 | Create | Villager (Male) |
| 15:56 | Build | Farm |
| 15:57 | Build | Farm |
| 15:57 | Build | Farm |
| 15:57 | Build | Farm |
| 15:58 | Build | Farm |
| 16:17 | Build | Farm |
| 16:17 | Build | Farm |
| 16:18 | Build | Farm |
| 16:21 | Create | Villager (Male) |
| 16:36 | Build | Farm |
| 16:41 | Build | House |
| 16:42 | Build | House |
| 16:43 | Create | Villager (Male) |
| 16:48 | Create | Villager (Male) |
| 16:52 | Build | Farm |
| 16:57 | Build | Farm |
| 17:11 | Create | Villager (Male) |
| 17:11 | Create | Villager (Male) |
| 17:27 | Create | Villager (Male) |
| 17:27 | Create | Villager (Male) |
| 17:34 | Build | House |
| 17:35 | Build | House |
| 17:36 | Create | Villager (Male) |
| 17:45 | Create | Villager (Male) |
| 17:48 | Create | Villager (Male) |
| 17:53 | Create | Villager (Male) |
| 18:07 | Build | Town Center |
| 18:08 | Create | Villager (Male) |
| 18:18 | Create | Villager (Male) |
| 18:18 | Create | Villager (Male) |
| 18:25 | Create | Villager (Male) |
| 18:32 | Build | House |
| 18:34 | Create | Villager (Male) |
| 18:40 | Create | Villager (Male) |
| 18:44 | Create | Villager (Male) |
| 18:52 | Create | Villager (Male) |
| 19:03 | Build | Farm |
| 19:04 | Build | Farm |
| 19:04 | Build | Farm |
| 19:06 | Create | Villager (Male) |
| 19:10 | Build | House |
| 19:20 | Create | Villager (Male) |
| 19:21 | Create | Villager (Male) |
| 19:29 | Build | Farm |
| 19:29 | Build | Farm |
| 19:29 | Build | Farm |
| 19:31 | Create | Villager (Male) |
| 19:40 | Create | Villager (Male) |
| 19:45 | Build | Farm |
| 19:48 | Build | Farm |
| 19:49 | Create | Villager (Male) |
| 19:49 | Create | Villager (Male) |
| 19:54 | Build | House |
| 19:55 | Build | House |
| 20:04 | Create | Villager (Male) |
| 20:11 | Build | Farm |
| 20:14 | Create | Villager (Male) |
| 20:15 | Create | Villager (Male) |
| 20:23 | Build | Town Center |
| 20:30 | Create | Villager (Male) |
| 20:30 | Create | Villager (Male) |
| 20:38 | Create | Villager (Male) |
| 20:45 | Build | House |
| 20:46 | Build | House |
| 20:47 | Create | Villager (Male) |
| 20:48 | Create | Villager (Male) |
| 20:48 | Create | Villager (Male) |
| 20:55 | Create | Villager (Male) |
| 21:07 | Build | Farm |
| 21:08 | Build | Farm |
| 21:08 | Build | Farm |
| 21:08 | Build | Farm |
| 21:09 | Build | Farm |
| 21:09 | Build | Farm |
| 21:10 | Create | Villager (Male) |
| 21:19 | Build | House |
| 21:19 | Build | House |
| 21:24 | Create | Villager (Male) |
| 21:24 | Create | Villager (Male) |
| 21:24 | Create | Villager (Male) |
| 21:25 | Create | Villager (Male) |
| 21:35 | Create | Villager (Male) |
| 21:40 | Create | Villager (Male) |
| 21:48 | Build | Town Center |
| 21:51 | Create | Villager (Male) |
| 21:51 | Create | Villager (Male) |
| 21:55 | Build | Farm |
| 21:55 | Build | Farm |
| 21:55 | Build | Farm |
| 21:56 | Build | Farm |
| 22:03 | Build | House |
| 22:06 | Build | House |
| 22:07 | Build | House |
| 22:08 | Create | Villager (Male) |
Build order — CMD_Black_Legion
147 actions detected in the replay
| 0:01 | Create | Villager (Male) |
| 0:01 | Create | Villager (Male) |
| 0:01 | Create | Villager (Male) |
| 0:02 | Build | House |
| 0:04 | Build | House |
| 0:31 | Create | Villager (Male) |
| 0:31 | Create | Villager (Male) |
| 1:30 | Create | Villager (Male) |
| 1:49 | Build | Lumber Camp |
| 1:52 | Create | Villager (Male) |
| 2:04 | Create | Villager (Male) |
| 2:36 | Create | Villager (Male) |
| 3:04 | Create | Villager (Male) |
| 3:31 | Create | Villager (Male) |
| 3:31 | Create | Villager (Male) |
| 3:57 | Build | House |
| 4:07 | Create | Villager (Male) |
| 4:15 | Build | Mill |
| 4:24 | Create | Villager (Male) |
| 4:44 | Create | Villager (Male) |
| 5:10 | Create | Villager (Male) |
| 5:10 | Create | Villager (Male) |
| 5:36 | Build | House |
| 5:42 | Build | Mill |
| 6:14 | Create | Villager (Male) |
| 6:23 | Create | Villager (Male) |
| 6:33 | Create | Villager (Male) |
| 6:55 | Create | Villager (Male) |
| 7:35 | Create | Villager (Male) |
| 7:35 | Create | Villager (Male) |
| 8:02 | Build | Farm |
| 8:11 | Build | Farm |
| 8:13 | Build | Farm |
| 8:17 | Research | Loom |
| 8:24 | Build | Mining Camp |
| 8:58 | Research | Feudal Age |
| 10:11 | Build | Barracks |
| 10:15 | Build | House |
| 10:34 | Create | Villager (Male) |
| 10:34 | Create | Villager (Male) |
| 10:59 | Build | House |
| 11:21 | Age | Feudal Age |
| 11:23 | Build | Market |
| 11:46 | Build | Blacksmith |
| 12:00 | Build | House |
| 12:12 | Create | Villager (Male) |
| 12:39 | Research | Castle Age |
| 12:39 | Research | Castle Age |
| 12:55 | Build | Barracks |
| 13:19 | Research | Double-Bit Axe |
| 14:00 | Build | House |
| 14:46 | Build | Barracks |
| 14:53 | Create | Villager (Male) |
| 14:54 | Create | Villager (Male) |
| 14:54 | Create | Villager (Male) |
| 15:01 | Research | Scale Mail Armor |
| 15:19 | Age | Castle Age |
| 15:24 | Create | Fire Lancer |
| 15:26 | Create | Fire Lancer |
| 15:29 | Create | Villager (Male) |
| 15:29 | Create | Villager (Male) |
| 15:41 | Create | Fire Lancer |
| 15:45 | Build | House |
| 15:45 | Build | House |
| 15:52 | Create | Fire Lancer |
| 15:52 | Create | Fire Lancer |
| 15:52 | Create | Fire Lancer |
| 15:52 | Create | Fire Lancer |
| 15:53 | Create | Fire Lancer |
| 15:53 | Create | Fire Lancer |
| 15:53 | Create | Fire Lancer |
| 15:55 | Create | Villager (Male) |
| 15:55 | Create | Villager (Male) |
| 16:30 | Create | Villager (Male) |
| 16:31 | Create | Fire Lancer |
| 16:31 | Create | Fire Lancer |
| 16:55 | Create | Fire Lancer |
| 17:03 | Build | House |
| 17:04 | Build | House |
| 17:07 | Create | Villager (Male) |
| 17:08 | Create | Villager (Male) |
| 17:09 | Create | Villager (Male) |
| 17:20 | Create | Fire Lancer |
| 17:20 | Create | Fire Lancer |
| 17:20 | Create | Fire Lancer |
| 17:25 | Build | Farm |
| 17:28 | Build | Farm |
| 17:36 | Create | Villager (Male) |
| 18:02 | Build | House |
| 18:20 | Research | Arson |
| 18:22 | Create | Fire Lancer |
| 18:23 | Create | Fire Lancer |
| 18:23 | Create | Fire Lancer |
| 18:23 | Create | Fire Lancer |
| 18:38 | Build | House |
| 18:38 | Build | House |
| 18:56 | Create | Fire Lancer |
| 18:57 | Create | Fire Lancer |
| 18:57 | Create | Fire Lancer |
| 19:09 | Create | Fire Lancer |
| 19:09 | Create | Fire Lancer |
| 19:20 | Create | Fire Lancer |
| 19:41 | Create | Fire Lancer |
| 19:50 | Create | Fire Lancer |
| 19:56 | Create | Villager (Male) |
| 20:07 | Create | Villager (Male) |
| 20:07 | Create | Villager (Male) |
| 20:07 | Create | Villager (Male) |
| 20:27 | Create | Fire Lancer |
| 20:28 | Create | Fire Lancer |
| 20:28 | Create | Fire Lancer |
| 20:51 | Create | Fire Lancer |
| 20:51 | Create | Fire Lancer |
| 20:51 | Create | Fire Lancer |
| 21:08 | Create | Villager (Male) |
| 21:09 | Create | Villager (Male) |
| 21:11 | Build | Mining Camp |
| 21:13 | Create | Villager (Male) |
| 21:18 | Build | Lumber Camp |
| 21:20 | Create | Fire Lancer |
| 21:20 | Create | Fire Lancer |
| 21:20 | Create | Fire Lancer |
| 21:38 | Create | Fire Lancer |
| 21:38 | Create | Fire Lancer |
| 21:40 | Create | Villager (Male) |
| 21:40 | Create | Villager (Male) |
| 21:42 | Build | Farm |
| 21:45 | Build | Farm |
| 22:12 | Create | Fire Lancer |
| 22:12 | Create | Fire Lancer |
| 22:12 | Create | Fire Lancer |
| 22:15 | Create | Villager (Male) |
| 22:15 | Create | Villager (Male) |
| 23:04 | Create | Fire Lancer |
| 23:05 | Create | Fire Lancer |
| 23:05 | Create | Fire Lancer |
| 23:05 | Create | Fire Lancer |
| 23:06 | Create | Villager (Male) |
| 23:06 | Create | Villager (Male) |
| 23:06 | Create | Villager (Male) |
| 23:06 | Create | Villager (Male) |
| 23:24 | Create | Fire Lancer |
| 23:24 | Create | Fire Lancer |
| 23:24 | Create | Fire Lancer |
| 23:24 | Create | Fire Lancer |
| 23:25 | Create | Fire Lancer |
| 23:37 | Create | Villager (Male) |
Build order — Yadranik
First 150 of 180 actions detected
| 0:02 | Create | Villager (Male) |
| 0:02 | Create | Villager (Male) |
| 0:02 | Create | Villager (Male) |
| 0:02 | Create | Villager (Male) |
| 0:04 | Build | House |
| 0:05 | Build | House |
| 1:17 | Create | Villager (Male) |
| 1:17 | Create | Villager (Male) |
| 1:45 | Build | Lumber Camp |
| 1:49 | Create | Villager (Male) |
| 1:49 | Create | Villager (Male) |
| 2:28 | Create | Villager (Male) |
| 2:28 | Create | Villager (Male) |
| 2:35 | Create | Villager (Male) |
| 3:16 | Create | Villager (Male) |
| 3:16 | Create | Villager (Male) |
| 3:26 | Build | House |
| 3:30 | Build | House |
| 3:39 | Create | Villager (Male) |
| 3:39 | Create | Villager (Male) |
| 4:17 | Create | Villager (Male) |
| 4:17 | Create | Villager (Male) |
| 4:29 | Create | Villager (Male) |
| 5:09 | Create | Villager (Male) |
| 5:10 | Create | Villager (Male) |
| 5:10 | Create | Villager (Male) |
| 5:21 | Build | Mill |
| 5:33 | Create | Villager (Male) |
| 5:33 | Create | Villager (Male) |
| 5:33 | Create | Villager (Male) |
| 5:44 | Build | Mill |
| 6:51 | Create | Villager (Male) |
| 6:51 | Create | Villager (Male) |
| 6:51 | Create | Villager (Male) |
| 8:28 | Research | Feudal Age |
| 10:12 | Build | Mining Camp |
| 10:38 | Age | Feudal Age |
| 10:43 | Build | Market |
| 10:44 | Build | Blacksmith |
| 10:49 | Create | Villager (Male) |
| 10:49 | Create | Villager (Male) |
| 11:49 | Research | Castle Age |
| 11:49 | Research | Castle Age |
| 12:29 | Build | Lumber Camp |
| 13:04 | Build | House |
| 13:05 | Build | House |
| 13:05 | Build | House |
| 13:24 | Build | Stone Wall |
| 14:09 | Build | Farm |
| 14:10 | Build | Farm |
| 14:28 | Age | Castle Age |
| 14:33 | Build | Town Center |
| 14:41 | Create | Villager (Male) |
| 14:41 | Create | Villager (Male) |
| 14:41 | Create | Villager (Male) |
| 14:42 | Create | Villager (Male) |
| 14:53 | Build | Town Center |
| 15:13 | Research | Loom |
| 15:17 | Research | Double-Bit Axe |
| 15:38 | Research | Horse Collar |
| 16:16 | Create | Villager (Male) |
| 16:16 | Create | Villager (Male) |
| 16:17 | Create | Villager (Male) |
| 16:17 | Create | Villager (Male) |
| 16:26 | Create | Villager (Male) |
| 16:26 | Create | Villager (Male) |
| 16:48 | Create | Villager (Male) |
| 16:49 | Create | Villager (Male) |
| 16:49 | Create | Villager (Male) |
| 16:53 | Build | Farm |
| 16:53 | Build | Farm |
| 16:54 | Build | Farm |
| 16:54 | Build | Farm |
| 17:01 | Create | Villager (Male) |
| 17:02 | Create | Villager (Male) |
| 17:25 | Create | Villager (Male) |
| 17:26 | Create | Villager (Male) |
| 17:26 | Create | Villager (Male) |
| 17:26 | Create | Villager (Male) |
| 17:36 | Build | Farm |
| 17:48 | Create | Villager (Male) |
| 17:49 | Create | Villager (Male) |
| 17:49 | Create | Villager (Male) |
| 17:49 | Create | Villager (Male) |
| 17:54 | Build | Farm |
| 17:56 | Build | Farm |
| 17:58 | Create | Villager (Male) |
| 18:09 | Build | Farm |
| 18:28 | Create | Villager (Male) |
| 18:28 | Create | Villager (Male) |
| 18:28 | Create | Villager (Male) |
| 18:29 | Create | Villager (Male) |
| 18:29 | Create | Villager (Male) |
| 18:37 | Build | Mill |
| 18:54 | Build | Mill |
| 18:59 | Create | Villager (Male) |
| 19:00 | Create | Villager (Male) |
| 19:00 | Create | Villager (Male) |
| 19:00 | Create | Villager (Male) |
| 19:04 | Build | House |
| 19:05 | Build | House |
| 19:06 | Build | House |
| 19:07 | Build | House |
| 19:08 | Build | House |
| 19:12 | Create | Villager (Male) |
| 19:18 | Build | Farm |
| 19:20 | Build | Farm |
| 19:32 | Build | Farm |
| 19:34 | Create | Villager (Male) |
| 19:34 | Create | Villager (Male) |
| 19:34 | Create | Villager (Male) |
| 19:34 | Create | Villager (Male) |
| 19:49 | Build | Farm |
| 19:50 | Create | Villager (Male) |
| 19:50 | Create | Villager (Male) |
| 20:06 | Create | Villager (Male) |
| 20:06 | Create | Villager (Male) |
| 20:11 | Build | Lumber Camp |
| 20:12 | Create | Villager (Male) |
| 20:13 | Create | Villager (Male) |
| 20:21 | Build | House |
| 20:21 | Build | House |
| 20:24 | Create | Villager (Male) |
| 20:24 | Create | Villager (Male) |
| 20:27 | Create | Villager (Male) |
| 20:28 | Create | Villager (Male) |
| 20:40 | Build | Farm |
| 20:42 | Build | Farm |
| 20:45 | Build | Farm |
| 20:46 | Build | Farm |
| 20:47 | Create | Villager (Male) |
| 20:47 | Create | Villager (Male) |
| 20:49 | Create | Villager (Male) |
| 20:52 | Build | Farm |
| 20:56 | Build | Farm |
| 21:05 | Build | Farm |
| 21:08 | Build | Farm |
| 21:09 | Create | Villager (Male) |
| 21:09 | Create | Villager (Male) |
| 21:09 | Create | Villager (Male) |
| 21:13 | Build | Farm |
| 21:14 | Create | Villager (Male) |
| 21:14 | Create | Villager (Male) |
| 21:19 | Build | Farm |
| 21:25 | Build | Farm |
| 21:26 | Create | Villager (Male) |
| 21:26 | Create | Villager (Male) |
| 21:29 | Create | Villager (Male) |
| 21:46 | Create | Villager (Male) |
| 21:46 | Create | Villager (Male) |
Build order — CMD_Edahi287
117 actions detected in the replay
| 0:05 | Create | Villager (Male) |
| 0:05 | Create | Villager (Male) |
| 0:05 | Create | Villager (Male) |
| 0:06 | Create | Villager (Male) |
| 0:07 | Create | Villager (Male) |
| 0:10 | Build | House |
| 0:10 | Build | House |
| 1:30 | Create | Villager (Male) |
| 1:30 | Create | Villager (Male) |
| 1:53 | Build | Lumber Camp |
| 2:00 | Create | Villager (Male) |
| 2:20 | Create | Villager (Male) |
| 2:20 | Create | Villager (Male) |
| 2:45 | Create | Villager (Male) |
| 2:45 | Create | Villager (Male) |
| 2:45 | Create | Villager (Male) |
| 3:06 | Create | Villager (Male) |
| 3:07 | Create | Villager (Male) |
| 3:50 | Create | Villager (Male) |
| 3:50 | Create | Villager (Male) |
| 3:50 | Create | Villager (Male) |
| 4:06 | Create | Villager (Male) |
| 4:06 | Create | Villager (Male) |
| 4:07 | Create | Villager (Male) |
| 4:21 | Create | Villager (Male) |
| 4:22 | Create | Villager (Male) |
| 4:38 | Research | Loom |
| 4:48 | Build | House |
| 4:52 | Create | Villager (Male) |
| 4:52 | Create | Villager (Male) |
| 5:00 | Build | Mill |
| 5:17 | Create | Villager (Male) |
| 5:32 | Create | Villager (Male) |
| 5:33 | Create | Villager (Male) |
| 6:10 | Create | Villager (Male) |
| 6:43 | Build | House |
| 6:57 | Create | Villager (Male) |
| 7:53 | Create | Villager (Male) |
| 8:12 | Research | Feudal Age |
| 8:12 | Research | Feudal Age |
| 8:32 | Build | Mining Camp |
| 9:01 | Create | Villager (Male) |
| 9:30 | Build | Mining Camp |
| 9:40 | Build | House |
| 9:48 | Build | Palisade Wall |
| 9:49 | Build | Palisade Wall |
| 9:57 | Build | Palisade Wall |
| 10:01 | Build | Palisade Wall |
| 10:04 | Build | Palisade Wall |
| 10:09 | Create | Villager (Male) |
| 10:21 | Build | Palisade Gate |
| 10:28 | Build | Palisade Gate |
| 10:35 | Build | Palisade Gate |
| 10:38 | Build | House |
| 10:42 | Age | Feudal Age |
| 10:44 | Create | Villager (Male) |
| 10:56 | Build | Watch Tower |
| 11:03 | Build | Watch Tower |
| 11:20 | Build | Watch Tower |
| 11:22 | Build | Watch Tower |
| 11:28 | Create | Villager (Male) |
| 11:38 | Build | Blacksmith |
| 12:19 | Build | Farm |
| 12:20 | Build | Farm |
| 12:23 | Create | Villager (Male) |
| 12:29 | Research | Fletching |
| 12:39 | Create | Villager (Male) |
| 13:28 | Build | Market |
| 13:44 | Create | Villager (Male) |
| 13:50 | Build | Farm |
| 13:59 | Create | Villager (Male) |
| 14:12 | Create | Villager (Male) |
| 14:46 | Research | Castle Age |
| 15:31 | Build | Watch Tower |
| 15:34 | Build | Palisade Wall |
| 15:42 | Build | House |
| 15:46 | Create | Villager (Male) |
| 15:53 | Build | House |
| 15:56 | Build | House |
| 16:22 | Create | Villager (Male) |
| 17:26 | Age | Castle Age |
| 17:35 | Build | Siege Workshop |
| 17:35 | Build | Siege Workshop |
| 18:08 | Create | Battering Ram |
| 18:08 | Create | Battering Ram |
| 18:11 | Create | Battering Ram |
| 18:11 | Create | Battering Ram |
| 18:14 | Create | Battering Ram |
| 18:14 | Create | Battering Ram |
| 18:14 | Create | Battering Ram |
| 18:15 | Create | Villager (Male) |
| 19:01 | Create | Battering Ram |
| 19:01 | Create | Battering Ram |
| 19:20 | Create | Battering Ram |
| 19:56 | Create | Mangonel |
| 20:13 | Build | House |
| 20:13 | Build | House |
| 20:16 | Build | House |
| 20:18 | Create | Villager (Male) |
| 21:12 | Create | Mangonel |
| 21:14 | Create | Battering Ram |
| 21:14 | Create | Battering Ram |
| 21:34 | Create | Villager (Male) |
| 21:34 | Create | Villager (Male) |
| 21:37 | Build | Farm |
| 21:38 | Build | Farm |
| 21:38 | Build | Farm |
| 22:36 | Create | Battering Ram |
| 22:36 | Create | Battering Ram |
| 22:36 | Create | Battering Ram |
| 22:37 | Create | Battering Ram |
| 23:18 | Create | Battering Ram |
| 23:19 | Create | Villager (Male) |
| 23:19 | Create | Villager (Male) |
| 23:56 | Create | Villager (Male) |
| 23:59 | Build | Farm |
| 23:59 | Build | Farm |
Build order — [VA] Tano_Pacman
100 actions detected in the replay
| 0:01 | Create | Villager (Male) ×4 |
| 0:02 | Build | House |
| 0:03 | Build | House |
| 1:27 | Create | Villager (Male) |
| 1:27 | Create | Villager (Male) |
| 1:45 | Build | Lumber Camp |
| 1:53 | Create | Villager (Male) |
| 1:53 | Create | Villager (Male) |
| 2:19 | Create | Villager (Male) |
| 2:20 | Create | Villager (Male) |
| 2:24 | Create | Villager (Male) |
| 3:14 | Create | Villager (Male) |
| 3:14 | Create | Villager (Male) |
| 3:32 | Build | House |
| 3:35 | Create | Villager (Male) |
| 3:35 | Create | Villager (Male) |
| 3:36 | Create | Villager (Male) |
| 4:12 | Create | Villager (Male) |
| 4:26 | Build | Mill |
| 4:33 | Create | Villager (Male) |
| 4:34 | Create | Villager (Male) |
| 4:55 | Create | Villager (Male) |
| 4:56 | Create | Villager (Male) |
| 5:44 | Create | Villager (Male) |
| 6:30 | Research | Feudal Age |
| 7:08 | Build | Mining Camp |
| 7:13 | Research | Loom |
| 8:04 | Build | House |
| 8:08 | Build | House |
| 8:51 | Age | Feudal Age |
| 8:54 | Build | Watch Tower |
| 8:55 | Create | Villager (Male) |
| 9:04 | Create | Villager (Male) |
| 9:29 | Create | Villager (Male) |
| 9:38 | Build | Blacksmith |
| 9:47 | Create | Villager (Male) |
| 10:18 | Build | House |
| 10:34 | Build | Watch Tower |
| 10:36 | Research | Fletching |
| 10:41 | Create | Villager (Male) |
| 11:24 | Create | Villager (Male) |
| 11:32 | Build | Watch Tower |
| 11:52 | Create | Villager (Male) |
| 11:52 | Create | Villager (Male) |
| 12:07 | Build | Watch Tower |
| 12:23 | Build | Mill |
| 12:25 | Create | Villager (Male) |
| 12:47 | Create | Villager (Male) |
| 12:47 | Create | Villager (Male) |
| 13:17 | Create | Villager (Male) |
| 13:17 | Create | Villager (Male) |
| 13:22 | Build | Watch Tower |
| 13:49 | Create | Villager (Male) |
| 13:51 | Create | Villager (Male) |
| 13:54 | Build | House |
| 14:33 | Create | Villager (Male) |
| 14:37 | Build | House |
| 14:45 | Build | Watch Tower |
| 14:53 | Create | Villager (Male) |
| 15:09 | Build | Farm |
| 15:10 | Build | Farm |
| 15:30 | Create | Villager (Male) |
| 15:31 | Create | Villager (Male) |
| 16:06 | Build | Watch Tower |
| 16:10 | Create | Villager (Male) |
| 16:13 | Build | Farm |
| 16:42 | Create | Villager (Male) |
| 16:43 | Create | Villager (Male) |
| 16:46 | Build | Farm |
| 16:51 | Build | Farm |
| 17:05 | Create | Villager (Male) |
| 17:37 | Build | Watch Tower |
| 17:43 | Create | Villager (Male) |
| 17:50 | Build | Farm |
| 17:52 | Build | Farm |
| 18:15 | Create | Villager (Male) |
| 18:18 | Build | Farm |
| 18:22 | Build | Farm |
| 18:24 | Build | Farm |
| 18:26 | Build | Farm |
| 18:31 | Build | House |
| 18:37 | Research | Wheelbarrow |
| 18:50 | Build | Farm |
| 19:16 | Build | Palisade Wall |
| 19:18 | Build | Palisade Wall |
| 19:18 | Build | Palisade Wall |
| 19:26 | Build | Palisade Wall |
| 19:52 | Create | Villager (Male) |
| 20:20 | Create | Villager (Male) |
| 20:21 | Create | Villager (Male) |
| 20:40 | Build | Market |
| 20:46 | Build | Farm |
| 21:04 | Build | Mining Camp |
| 21:07 | Create | Villager (Male) |
| 21:36 | Create | Villager (Male) |
| 21:47 | Research | Castle Age |
| 22:35 | Create | Villager (Male) |
| 22:36 | Create | Villager (Male) |
| 23:01 | Research | Double-Bit Axe |
| 23:01 | Research | Double-Bit Axe |
Build order — Joe CMD
111 actions detected in the replay
| 0:03 | Build | House |
| 0:05 | Build | House |
| 0:06 | Create | Villager (Male) |
| 0:07 | Create | Villager (Male) |
| 0:07 | Create | Villager (Male) |
| 0:07 | Create | Villager (Male) |
| 1:35 | Create | Villager (Male) |
| 1:56 | Build | Lumber Camp |
| 2:01 | Create | Villager (Male) |
| 2:19 | Create | Villager (Male) |
| 2:54 | Create | Villager (Male) |
| 2:54 | Create | Villager (Male) |
| 3:12 | Create | Villager (Male) |
| 3:34 | Build | House |
| 3:38 | Build | House |
| 3:45 | Create | Villager (Male) |
| 4:07 | Create | Villager (Male) |
| 4:43 | Create | Villager (Male) |
| 4:49 | Build | Mining Camp |
| 4:58 | Create | Villager (Male) |
| 5:29 | Create | Villager (Male) |
| 5:29 | Create | Villager (Male) |
| 5:59 | Create | Villager (Male) |
| 6:34 | Create | Villager (Male) |
| 6:34 | Create | Villager (Male) |
| 6:43 | Create | Villager (Male) |
| 7:44 | Create | Villager (Male) |
| 7:45 | Create | Villager (Male) |
| 8:05 | Build | Mill |
| 8:51 | Research | Feudal Age |
| 9:15 | Build | House |
| 11:04 | Create | Villager (Male) |
| 11:05 | Create | Villager (Male) |
| 11:16 | Build | Market |
| 11:24 | Build | Blacksmith |
| 11:30 | Build | Farm |
| 11:30 | Build | Farm |
| 11:31 | Build | Farm |
| 11:31 | Build | Farm |
| 11:32 | Build | Farm |
| 11:49 | Create | Villager (Male) |
| 12:30 | Build | Farm |
| 12:58 | Research | Castle Age |
| 13:11 | Build | Mining Camp |
| 13:33 | Build | House |
| 14:01 | Build | House |
| 14:04 | Build | House |
| 14:10 | Research | Double-Bit Axe |
| 14:38 | Research | Horse Collar |
| 15:52 | Create | Villager (Male) |
| 15:53 | Create | Villager (Male) |
| 15:53 | Create | Villager (Male) |
| 15:57 | Research | Stone Mining |
| 16:52 | Create | Villager (Male) |
| 17:08 | Build | Castle |
| 17:14 | Create | Villager (Male) |
| 17:21 | Research | Bow Saw |
| 17:35 | Build | Monastery |
| 17:42 | Build | Farm |
| 17:43 | Build | Farm |
| 17:44 | Build | Farm |
| 17:47 | Create | Villager (Male) |
| 17:47 | Create | Villager (Male) |
| 18:15 | Create | Monk |
| 18:23 | Create | Conquistador |
| 18:45 | Create | Conquistador |
| 18:55 | Build | Farm |
| 18:57 | Build | Farm |
| 19:04 | Build | Farm |
| 19:04 | Build | Farm |
| 19:05 | Build | Farm |
| 19:05 | Build | Farm |
| 19:12 | Create | Conquistador |
| 19:24 | Research | Loom |
| 19:45 | Build | Farm |
| 19:45 | Build | Farm |
| 19:46 | Build | Farm |
| 19:50 | Create | Petard |
| 19:52 | Create | Petard |
| 20:03 | Build | Farm |
| 20:15 | Create | Villager (Male) |
| 20:15 | Create | Villager (Male) |
| 20:40 | Build | Farm |
| 20:43 | Create | Villager (Male) |
| 20:43 | Create | Villager (Male) |
| 21:28 | Create | Villager (Male) |
| 21:29 | Create | Villager (Male) |
| 21:29 | Create | Villager (Male) |
| 21:36 | Build | Town Center |
| 21:39 | Create | Villager (Male) |
| 21:39 | Create | Villager (Male) |
| 21:59 | Create | Conquistador |
| 22:00 | Create | Conquistador |
| 22:17 | Create | Villager (Male) |
| 22:17 | Create | Villager (Male) |
| 22:17 | Create | Villager (Male) |
| 22:26 | Build | Farm |
| 22:26 | Build | Farm |
| 22:26 | Build | Farm |
| 22:27 | Build | Farm |
| 22:27 | Build | Farm |
| 22:27 | Build | Farm |
| 22:54 | Research | Fervor |
| 22:56 | Create | Monk |
| 22:57 | Create | Villager (Male) |
| 22:57 | Create | Villager (Male) |
| 22:58 | Create | Conquistador |
| 22:59 | Create | Conquistador |
| 23:33 | Create | Villager (Male) |
| 23:33 | Create | Villager (Male) |
| 23:33 | Create | Villager (Male) |
Build order — [VA] PabloB
First 150 of 159 actions detected
| 0:02 | Create | Villager (Male) |
| 0:02 | Create | Villager (Male) |
| 0:02 | Create | Villager (Male) |
| 0:03 | Create | Villager (Male) |
| 0:05 | Build | House |
| 0:06 | Build | House |
| 1:25 | Create | Villager (Male) |
| 1:26 | Create | Villager (Male) |
| 1:26 | Create | Villager (Male) |
| 1:57 | Build | Lumber Camp |
| 1:57 | Create | Villager (Male) |
| 1:58 | Create | Villager (Male) |
| 2:33 | Create | Villager (Male) |
| 2:34 | Create | Villager (Male) |
| 2:34 | Create | Villager (Male) |
| 2:55 | Create | Villager (Male) |
| 2:55 | Create | Villager (Male) |
| 2:56 | Create | Villager (Male) |
| 3:27 | Create | Villager (Male) |
| 3:28 | Create | Villager (Male) |
| 3:28 | Create | Villager (Male) |
| 3:39 | Build | House |
| 3:43 | Build | House |
| 3:58 | Create | Villager (Male) |
| 3:58 | Create | Villager (Male) |
| 4:21 | Create | Villager (Male) |
| 4:21 | Create | Villager (Male) |
| 4:22 | Create | Villager (Male) |
| 4:35 | Build | Mill |
| 4:42 | Create | Villager (Male) |
| 4:43 | Create | Villager (Male) |
| 5:05 | Create | Villager (Male) |
| 5:05 | Create | Villager (Male) |
| 5:52 | Create | Villager (Male) |
| 5:52 | Create | Villager (Male) |
| 5:52 | Create | Villager (Male) |
| 6:09 | Create | Villager (Male) |
| 6:14 | Build | Farm |
| 6:22 | Create | Villager (Male) |
| 6:22 | Create | Villager (Male) |
| 6:22 | Create | Villager (Male) |
| 6:49 | Build | Mill |
| 6:59 | Create | Villager (Male) |
| 6:59 | Create | Villager (Male) |
| 6:59 | Create | Villager (Male) |
| 7:00 | Create | Villager (Male) |
| 7:36 | Create | Villager (Male) |
| 8:11 | Create | Villager (Male) |
| 8:12 | Create | Villager (Male) |
| 9:07 | Build | Mining Camp |
| 9:08 | Research | Feudal Age |
| 9:37 | Build | Farm |
| 10:06 | Build | Farm |
| 10:12 | Build | Farm |
| 10:20 | Build | House |
| 10:36 | Create | Villager (Male) |
| 10:36 | Create | Villager (Male) |
| 11:22 | Age | Feudal Age |
| 11:25 | Build | Blacksmith |
| 11:31 | Build | Market |
| 12:07 | Research | Double-Bit Axe |
| 12:19 | Research | Castle Age |
| 12:19 | Research | Castle Age |
| 12:20 | Research | Castle Age |
| 12:27 | Build | House |
| 12:40 | Research | Horse Collar |
| 12:40 | Research | Horse Collar |
| 13:06 | Build | House |
| 13:49 | Build | Farm |
| 13:54 | Build | Farm |
| 14:10 | Build | Farm |
| 14:14 | Create | Villager (Male) |
| 14:59 | Age | Castle Age |
| 15:04 | Build | Town Center |
| 15:05 | Create | Villager (Male) |
| 15:11 | Build | Town Center |
| 15:15 | Create | Villager (Male) |
| 15:24 | Research | Bow Saw |
| 15:40 | Create | Villager (Male) |
| 15:56 | Create | Villager (Male) |
| 16:12 | Build | Lumber Camp |
| 16:13 | Create | Villager (Male) |
| 16:14 | Create | Villager (Male) |
| 16:26 | Create | Villager (Male) |
| 16:26 | Create | Villager (Male) |
| 16:26 | Create | Villager (Male) |
| 16:41 | Build | Farm |
| 16:42 | Create | Villager (Male) |
| 16:43 | Create | Villager (Male) |
| 16:44 | Create | Villager (Male) |
| 16:53 | Build | Farm |
| 17:03 | Build | House |
| 17:05 | Create | Villager (Male) |
| 17:09 | Create | Villager (Male) |
| 17:25 | Build | House |
| 17:31 | Create | Villager (Male) |
| 17:45 | Build | Monastery |
| 17:47 | Create | Villager (Male) |
| 17:47 | Create | Villager (Male) |
| 17:57 | Build | House |
| 17:59 | Create | Villager (Male) |
| 18:06 | Build | Farm |
| 18:10 | Build | Farm |
| 18:13 | Create | Villager (Male) |
| 18:13 | Create | Villager (Male) |
| 18:17 | Build | Farm |
| 18:22 | Build | Farm |
| 18:24 | Create | Villager (Male) |
| 18:29 | Build | Farm |
| 18:30 | Build | Farm |
| 18:34 | Build | House |
| 18:40 | Build | Farm |
| 18:41 | Create | Monk |
| 18:47 | Create | Villager (Male) |
| 18:50 | Build | House |
| 18:53 | Create | Villager (Male) |
| 18:54 | Create | Villager (Male) |
| 19:03 | Build | Farm |
| 19:07 | Create | Villager (Male) |
| 19:07 | Create | Villager (Male) |
| 19:07 | Create | Villager (Male) |
| 19:22 | Create | Villager (Male) |
| 19:27 | Build | Farm |
| 19:28 | Create | Villager (Male) |
| 19:33 | Build | Farm |
| 19:40 | Build | Farm |
| 19:42 | Create | Monk |
| 19:47 | Create | Villager (Male) |
| 19:47 | Create | Villager (Male) |
| 19:48 | Create | Villager (Male) |
| 19:48 | Create | Villager (Male) |
| 19:57 | Build | Town Center |
| 20:05 | Create | Villager (Male) |
| 20:05 | Create | Villager (Male) |
| 20:11 | Create | Villager (Male) |
| 20:11 | Create | Villager (Male) |
| 20:24 | Build | Farm |
| 20:33 | Build | Barracks |
| 20:38 | Build | Siege Workshop |
| 20:41 | Build | Farm |
| 20:41 | Build | Farm |
| 20:42 | Create | Villager (Male) |
| 20:42 | Create | Villager (Male) |
| 20:52 | Create | Villager (Male) |
| 20:52 | Create | Villager (Male) |
| 20:53 | Create | Villager (Male) |
| 21:05 | Build | Siege Workshop |
| 21:13 | Create | Monk |
| 21:46 | Build | Building 487 |
| 21:51 | Build | House |
Match timeline
| 8:51 | [VA] Tano_Pacman · age_up feudal |
| 9:48 | CMD_Edahi287 · wall_segment Palisade Wall x1 |
| 9:49 | CMD_Edahi287 · wall_segment Palisade Wall x1 |
| 9:57 | CMD_Edahi287 · wall_segment Palisade Wall x1 |
| 10:01 | CMD_Edahi287 · wall_segment Palisade Wall x1 |
| 10:04 | CMD_Edahi287 · wall_segment Palisade Wall x1 |
| 10:11 | CMD_Black_Legion · first_building Barracks |
| 10:38 | Yadranik · age_up feudal |
| 10:42 | CMD_Edahi287 · age_up feudal |
| 10:56 | CMD_El Primo · age_up feudal |
| 11:21 | CMD_Black_Legion · age_up feudal |
| 11:22 | [VA] PabloB · age_up feudal |
| 11:44 | Yadranik · first_market_sell 100 wood |
| 11:48 | SaGa™ · age_up feudal |
| 13:24 | Yadranik · wall_segment Stone Wall x1 |
| 14:28 | CMD_El Primo · tribute_sent a jugador 2 |
| 14:28 | CMD_El Primo · tribute_sent a jugador 3 |
| 14:28 | CMD_El Primo · tribute_sent a jugador 4 |
| 14:28 | CMD_El Primo · tribute_sent a jugador 5 |
| 14:28 | CMD_El Primo · tribute_sent a jugador 6 |
| 14:28 | CMD_El Primo · tribute_sent a jugador 7 |
| 14:28 | CMD_El Primo · tribute_sent a jugador 8 |
| 14:28 | Yadranik · age_up castle |
| 14:32 | CMD_El Primo · age_up castle |
| 14:42 | CMD_Black_Legion · tribute_sent a jugador 1 |
| 14:42 | CMD_Black_Legion · tribute_sent a jugador 2 |
| 14:42 | CMD_Black_Legion · tribute_sent a jugador 4 |
| 14:42 | CMD_Black_Legion · tribute_sent a jugador 5 |
| 14:42 | CMD_Black_Legion · tribute_sent a jugador 6 |
| 14:42 | CMD_Black_Legion · tribute_sent a jugador 7 |
| 14:42 | CMD_Black_Legion · tribute_sent a jugador 8 |
| 14:48 | Yadranik · first_market_buy 100 wood |
| 14:50 | CMD_Edahi287 · first_market_sell 100 wood |
| 14:53 | CMD_Edahi287 · first_market_buy 100 stone |
| 14:59 | [VA] PabloB · age_up castle |
| 15:19 | CMD_Black_Legion · age_up castle |
| 15:26 | SaGa™ · age_up castle |
| 15:34 | CMD_Edahi287 · wall_segment Palisade Wall x1 |
| 17:08 | Joe CMD · first_building Castle |
| 17:26 | CMD_Edahi287 · age_up castle |
| 17:35 | Joe CMD · first_building Monastery |
| 17:35 | CMD_Edahi287 · first_building Siege Workshop |
| 17:44 | CMD_El Primo · first_market_sell 100 wood |
| 17:45 | [VA] PabloB · first_building Monastery |
| 17:46 | CMD_El Primo · first_market_buy 100 stone |
| 17:54 | SaGa™ · first_building Monastery |
| 19:16 | [VA] Tano_Pacman · wall_segment Palisade Wall x2 |
| 19:18 | [VA] Tano_Pacman · wall_segment Palisade Wall x2 |
| 19:18 | [VA] Tano_Pacman · wall_segment Palisade Wall x1 |
| 19:26 | [VA] Tano_Pacman · wall_segment Palisade Wall x3 |
| 20:33 | [VA] PabloB · first_building Barracks |
| 20:38 | [VA] PabloB · first_building Siege Workshop |
| 21:08 | SaGa™ · first_building Barracks |
| 21:42 | [VA] Tano_Pacman · first_market_sell 100 food |
| 21:50 | SaGa™ · first_building Archery Range |
| 23:02 | Yadranik · first_building Barracks |
| 23:37 | CMD_El Primo · first_building Barracks |
| 23:40 | [VA] Tano_Pacman · resign |
| 23:45 | Yadranik · wall_segment Stone Wall x1 |
| 23:58 | Yadranik · wall_segment Stone Wall x1 |
[ AI ANALYSIS · 1 CREDIT ]
What really happened in this match?
Wolo.gg analyzes every decision: build order, eco, micro, common mistakes by bracket. Personalized analysis on WhatsApp or Discord in 30 seconds.
Civ guide
Mapuche
Map guide
Arena
Perfil
Jugador #264521